 Dungeon Crawl Stone Soup version 0.27.1-1-g398f81649c (webtiles) character file.

Game seed: 16414972838941090003

91 DrIncompetent the Chopper (level 4, 0/28 HPs)
             Began as a Tengu Berserker on Sept 21, 2021.
             Was a Believer of Trog.
             Slain by an orc wizard (4 damage)
             ... on level 3 of the Dungeon.
             The game lasted 00:06:09 (2231 turns).

DrIncompetent the Chopper (Tengu Berserker)         Turns: 2231, Time: 00:06:10

Health: 0/28       AC:  9    Str: 19    XL:     4   Next: 59%
Magic:  5/5        EV: 10    Int:  7    God:    Trog [**....]
Gold:   117        SH:  4    Dex: 13    Spells: 3/3 levels left

rFire    . . .     SeeInvis .   a - +1 hand axe
rCold    . . .     Faith    .   g - +0 buckler
rNeg     . . .     Spirit   .   j - +0 scale mail
rPois    .         Reflect  .   (helmet restricted)
rElec    .         Harm     .   e - +2 cloak
rCorr    .         Rampage  .   (no gloves)
Will     .....                  (boots unavailable)
Stlth    ..........             (no amulet)
HPRegen  0.09/turn              (no ring)
MPRegen  0.09/turn              (no ring)

@: on berserk cooldown, slowed, very slow
A: beak, talons 3
a: Renounce Religion, Berserk, Trog's Hand


You were on level 3 of the Dungeon.
You worshipped Trog.
Trog was pleased with you.
You visited 1 branch of the dungeon, and saw 3 of its levels.

You collected 117 gold pieces.

Inventory:

Hand Weapons
 a - a +1 hand axe (weapon)
Armour
 e - a +2 cloak (worn)
 g - a +0 buckler (worn)
 j - a +0 scale mail (worn)
Scrolls
 d - 2 scrolls of identify {unknown}
 f - 3 scrolls of teleportation
 i - a scroll of holy word {unknown}
 k - a scroll of enchant weapon
 l - a scroll of torment {unknown}
 m - a scroll of magic mapping {unknown}
Potions
 b - a potion of lignification {unknown}
 c - 2 potions of attraction {unknown}
 h - a potion of curing {unknown}


   Skills:
 - Level 3.0 Fighting
 + Level 5.0 Axes
 - Level 2.1 Armour
 - Level 2.1 Dodging
 + Level 2.2 Shields


You had 3 spell levels left.
You didn't know any spells.
Your spell library was empty.

Dungeon Overview and Level Annotations

Branches:
Dungeon (3/15)

Altars:

Annotations:
D:3 2 runed translucent doors


Innate Abilities, Weirdness & Mutations

You have a beak for a mouth.
You have claws for feet.


Message History

The orc hits you but does no damage. The orc priest closely misses you.
Things that are here:
a +0 club; a +0 leather armour You feel a strong urge to attack something.
You are no longer berserk.
You are exhausted.
You feel yourself slow down. The orc misses you.
The orc priest hits you but does no damage.
You closely miss the orc priest. Your kick misses the orc priest.
You peck the orc priest.
The orc priest is almost dead.
You hit the orc. You hit the orc wizard. The orc hits you but does no damage.
The orc priest invokes the aid of Beogh against you.
Beogh smites you!
* * * LOW HITPOINT WARNING * * *
The orc wizard hits you but does no damage.
The orc hits you but does no damage.
You barely miss the orc.
The orc is moderately wounded.
You hit the orc priest.
You kill the orc priest!
Trog accepts your kill.
You closely miss the orc wizard.
The orc wizard hits you but does no damage.
The orc hits you but does no damage.
The orc wizard hits you with a +0 dagger.
* * * LOW HITPOINT WARNING * * *
The frilled lizard barely misses you.
Your Axes skill increases to level 5!
Your Shields skill increases to level 2!
You closely miss the frilled lizard. Your kick misses the frilled lizard.
You miss the orc wizard. You hit the orc but do no damage.
You feel less confused. The orc hits you with a +0 whip.
* * * LOW HITPOINT WARNING * * *
The orc wizard hits you but does no damage.
The frilled lizard bites you but does no damage.
The orc closely misses you.
The orc wizard hits you with a +0 dagger.
You die...

###### #....# #.###
#....# #... #....# #..#
### #....# #?.# ....
#....########..#.....
#####..............#.....
....'.....##....)l.......
#####..........†@o.......
....#...........o).......
.†....#...............###
#######.....>.........#
.......#..#######.....#
######.#(.# #.....#
######.#..# #.....#
.......#..# +.#####
....>.....# .+..


You could see an orc wizard, an orc and a frilled lizard.

Vanquished Creatures
  An orc priest (D:3)
  An adder (D:3)
  A dart slug (D:1)
  3 orcs (D:3)
  3 bats (D:1)
  3 endoplasms (D:1)
  3 giant cockroaches (D:1)
  4 goblins
  4 hobgoblins (D:1)
  4 jackals (D:1)
  4 kobolds
  8 ball pythons
  2 frilled lizards
  5 rats
46 creatures vanquished.

Notes
Turn   | Place    | Note
-------+----------+-------------------------------------------
     0 | D:1      | DrIncompetent the Tengu Berserker began the quest for the
                  | Orb.
     0 | D:1      | Reached XP level 1. HP: 14/14 MP: 2/2
   191 | D:1      | Reached XP level 2. HP: 11/19 MP: 3/3
   221 | D:1      | Reached skill level 4 in Axes
   636 | D:1      | Found a faded altar of an unknown god.
   875 | D:1      | Reached XP level 3. HP: 23/23 MP: 4/4
  1130 | D:1      | Reached skill level 1 in Shields
  1288 | D:1      | Reached ** piety under Trog
  2220 | D:3      | Reached XP level 4. HP: 28/28 MP: 5/5
  2224 | D:3      | Found a runed translucent gate.
  2227 | D:3      | Found a runed translucent gate.
  2231 | D:3      | Reached skill level 5 in Axes
  2231 | D:3      | Slain by an orc wizard

Illustrated notes

Levels and vault maps discovered:
D:1:      psy_arrival_terrarium, layout_loops_ring,
          shapermc_ecumenical_altar_mp_highgroup, hangedman_feature_mirror
D:2:      layout_basic
D:3:      layout_basic, nicolae_dithmenos_shadow_blocks,
          ebering_ghost_rock_garden, minmay_tree_intersection

Skill      XL: |  1  2  3  4 |
---------------+-------------+-----
Axes           | 4 5 |  5.0
Shields        | 1 2 |  2.2
Fighting       | |  3.0
Armour         | |  2.1
Dodging        | |  2.1

Action                   |  1- 3 |  4- 6 || total
-------------------------+-------+-------++-------
Melee: Hand axe          |    84 |     7 ||    91
       Kick              |    17 |       ||    17
       Peck              |     7 |     2 ||     9
Invok: Berserk           |     4 |     1 ||     5
  Use: Scroll            |     5 |       ||     5
Armor: Animal skin       |    20 |       ||    20
       Scale mail        |    10 |    14 ||    24
Dodge: Dodged            |    32 |     7 ||    39
Block: Buckler           |     8 |     3 ||    11
